 Dungeon Crawl Stone Soup version 0.31-a0-263-ge8cad7f256 (webtiles) character file.

Game seed: 15373795275530402734

108 qw the Shooter (level 4, -3/26 HPs)
             Began as a Gargoyle Hexslinger on July 13, 2023.
             Killed from afar by Natasha (6 damage)
             ... with a magic dart
             ... on level 2 of the Dungeon.
             The game lasted 00:00:28 (1229 turns).

qw the Shooter (Gargoyle Hexslinger)                Turns: 1229, Time: 00:00:29

Health: -3/26      AC:  5    Str: 12    XL:     4   Next: 87%
Magic:  5/5        EV: 12    Int: 13    God:
Gold:   69         SH:  0    Dex: 14    Spells: 4/5 levels left

rFire   . . .        Y - +1 sling
rCold   . . .        (no shield)
rNeg    + . .        c - +0 robe
rPois   inf          (no helmet)
rElec   +            (no cloak)
rCorr   .            (no gloves)
SInv    .            (no boots)
Will    .....        (no amulet)
Stlth   +            (no ring)
HPRegen 0.24/turn    (no ring)
MPRegen 0.09/turn

%: no passive effects
@: no status effects
A: sickness immunity, AC +3, negative energy resistance 1, electricity
resistance, torment resistance 1, petrification resistance
a: no special abilities


You were on level 2 of the Dungeon.
You visited 1 branch of the dungeon, and saw 2 of its levels.

You collected 69 gold pieces.


Innate Abilities, Weirdness & Mutations

You are immune to sickness and miasma.
Your stone body is resilient. (AC +3)
You are immune to poison.
You resist negative energy. (rN+)
You are resistant to electric shocks. (rElec)
You are resistant to unholy torment.
You are immune to petrification.


   Skills:
 - Level 2.0 Fighting
 + Level 4.6 Ranged Weapons
 - Level 1.5 Dodging
 - Level 1.0 Spellcasting
 - Level 2.6 Hexes


You had 4 spell levels left.
You knew the following spells:

 Your Spells              Type           Power      Damage    Failure   Level
a - Slow                  Hex            28%        N/A       10%         1

Your spell library contained the following spells:

 Spells                   Type           Power      Damage    Failure   Level
 Inner Flame              Hex/Fire       4%         N/A       43%         3
 Portal Projectile        Hex/Tloc       8%         N/A       43%         3
 Cause Fear               Hex            3%         N/A       67%         4

Inventory:

Hand Weapons
 Y - a +1 sling (weapon)
Armour
 c - a +0 robe (worn)
Scrolls
 a - a scroll of identify
 e - a scroll of teleportation {unknown}
Potions
 b - 3 potions of curing {unknown}
 d - a potion of brilliance {unknown}
 f - 2 potions of berserk rage {unknown}
 g - a potion of degeneration {unknown}
 h - a potion of resistance {unknown}
 i - a potion of magic {unknown}

Dungeon Overview and Level Annotations

Branches:
Dungeon (2/15)

Altars:

Shops:
D:1 [

Annotations:
D:2 Natasha


Message History

Natasha mewls in sadness.
You shoot a sling bullet. The sling bullet hits the dart slug.
You kill the dart slug!
You shoot a sling bullet. The sling bullet hits the hobgoblin.
The hobgoblin is moderately wounded.
You shoot a sling bullet. The sling bullet hits the hobgoblin.
The hobgoblin is heavily wounded.
The hobgoblin hits you. The hobgoblin closely misses you.
Natasha casts a spell.
You shoot a sling bullet.
The sling bullet closely misses the hobgoblin.
The cerulean imp hits you but does no damage.
The hobgoblin hits you but does no damage.
You shoot a sling bullet.
The sling bullet barely misses the hobgoblin.
The cerulean imp barely misses you. The hobgoblin barely misses you.
You shoot a sling bullet. The sling bullet hits the hobgoblin.
You kill the hobgoblin!
The cerulean imp completely misses you. Natasha claws you.
You shoot a sling bullet.
The sling bullet closely misses Natasha.
The cerulean imp hits you but does no damage.
Natasha wildly gestures.
You feel troubled. Natasha claws you but does no damage.
You shoot a sling bullet. The sling bullet misses Natasha.
The cerulean imp barely misses you. Natasha claws you.
You shoot a sling bullet. The sling bullet barely misses Natasha.
The cerulean imp hits you from afar with a +2 spear.
Natasha claws you.
You shoot a sling bullet. The sling bullet hits Natasha.
Natasha is moderately wounded.
The cerulean imp hits you from afar with a +2 spear.
Natasha barely misses you. The cerulean imp closely misses you.
You shoot a sling bullet. The sling bullet barely misses Natasha.
Natasha barely misses you. The cerulean imp misses you.
You shoot a sling bullet. The sling bullet misses Natasha.
Natasha stares at you and mumbles some strange words.
The magic dart hits you.
You die...

#..#.# #....# ##.###)#.# #.#
#..#.# ####.# #.# #.#.###.##
#..#.# #.# #.# #.#....... #..#.#
#.# #.# #.#.<)..## #..#.# #.# #.#
#.......# #..#.#######.#
##.###.#.....## ...#.........#
#.....##..#....
...########..######..###.##...###
#### #.....@.5..# ##.#..## #
#######h#.## ##.#.# # #.#.#
###..#.# # #.#.# #......# #
.#.###......# # .#......#...####
.####...#....... .# #.#####....#
#...#...##.#


You could see Natasha and a cerulean imp (summoned).

Vanquished Creatures
  Natasha (twice) (D:2)
  2 adders (D:2)
  2 dart slugs (D:2)
  2 ball pythons
  5 endoplasms
  A giant cockroach (D:1)
  A goblin (D:2)
  4 hobgoblins
  6 jackals
  A quokka (D:2)
  3 bats
  A kobold (D:2)
  5 rats (D:1)
35 creatures vanquished.

Notes
Turn   | Place    | Note
-------+----------+-------------------------------------------
     0 | D:1      | qw the Gargoyle Hexslinger began the quest for the Orb.
     0 | D:1      | Reached XP level 1. HP: 12/12 MP: 2/2
     0 | D:1      | 0 ||| qw: Version: 0.3-a-52-g30416fa
     0 | D:1      | 0 ||| qw: Game counter: 7110
     0 | D:1      | 0 ||| qw: Melee chars always use a shield: true
     0 | D:1      | 0 ||| qw: God list: Okawaru
     0 | D:1      | 0 ||| qw: Allow faded altars: false
     0 | D:1      | 0 ||| qw: Do Orc after clearing Dungeon:15 true
     0 | D:1      | 0 ||| qw: Do second Lair branch before Depths: true
     0 | D:1      | 0 ||| qw: Lair rune preference: random
     0 | D:1      | 0 ||| qw: Goals: Normal
     0 | D:1      | 0 ||| PLANNING D:1-11
   153 | D:1      | Reached XP level 2. HP: 16/16 MP: 3/3
   313 | D:1      | Found Belaur's Antique Armour Emporium.
   319 | D:1      | 319 ||| SHOPLISTING glowing scarf (144 gold, have 27).
   319 | D:1      | 319 ||| SHOPLISTING leather armour (36 gold, have 27).
   352 | D:1      | Reached skill level 3 in Ranged Weapons
   702 | D:1      | 702 ||| READING scroll labelled OVVUOV XOC.
   703 | D:1      | 703 ||| READING scroll labelled HIPTO VOSUQUAP.
   704 | D:1      | 704 ||| DROPPING scroll of poison.
   878 | D:2      | Reached XP level 3. HP: 21/21 MP: 4/4
   995 | D:2      | Noticed Natasha
  1002 | D:2      | Killed Natasha
  1003 | D:2      | Reached skill level 4 in Ranged Weapons
  1003 | D:2      | Reached XP level 4. HP: 19/26 MP: 5/5
  1112 | D:2      | Found a faded altar of an unknown god.
  1114 | D:2      | Noticed Natasha
  1124 | D:2      | Killed Natasha
  1215 | D:2      | Noticed Natasha
  1216 | D:2      | 1216 ||| Stepping ~*~*~tactically~*~*~ (outnumbered).
  1226 | D:2      | HP: 5/26 [Natasha (6)]
  1227 | D:2      | HP: 2/26 [cerulean imp/+2 spear[Natasha] (3)]
  1229 | D:2      | Killed from afar by Natasha

Levels and vault maps discovered:
D:1:      kilobyte_arrival_exit_the_forest, layout_basic, serial_shops,
          nicolae_shop_pleasant_corner_grove
D:2:      layout_loops_ring, shapermc_ecumenical_altar_mp_urbaneastern,
          uniq_natasha

Skill      XL: |  1  2  3 |
---------------+----------+-----
Ranged Weapons | 3 4 |  4.6
Fighting       | 2 |  2.0
Dodging        | |  1.5
Spellcasting   | |  1.0
Hexes          | |  2.6

Action                     |  1- 3 |  4- 6 || total
---------------------------+-------+-------++-------
   Fire: Sling             |    92 |    34 ||   126
    Use: Scroll            |     2 |       ||     2
 Armour: Robe              |    15 |     8 ||    23
  Dodge: Dodged            |    30 |    17 ||    47

Table legend:
 A = Non-vault XP
 B = Vault XP
 C = Vault XP percentage of total XP
 D = Non-vault monster count
 E = Vault monster count
 F = Vault count percentage of total count
                 A         B        C        D         E       F
            +---------+---------+-------+---------+---------+-------
      Total |     119 |      36 |  23.2 |      34 |       1 |   2.9
            +---------+---------+-------+---------+---------+-------
        D:1 |      25 |       0 |   0.0 |      16 |       0 |   0.0
        D:2 |      94 |      36 |  27.7 |      18 |       1 |   5.3
            +---------+---------+-------+---------+---------+-------
